 Dungeon Crawl Stone Soup version 0.21.1-1-g345015f (webtiles) character file.

39 tidbits the Sneak (level 3, -3/31 HPs)
             Began as a Gnoll Assassin on Mar 30, 2018.
             Killed from afar by an orc wizard (9 damage)
             ... with a magic dart
             ... on level 4 of the Dungeon.
             The game lasted 00:03:20 (399 turns).

tidbits the Sneak (Gnoll Assassin)                   Turns: 399, Time: 00:03:21

Health: -3/31      AC:  3    Str: 18    XL:     3   Next: 45%
Magic:  2/4        EV: 13    Int: 14    God:
Gold:   56         SH:  4    Dex: 16    Spells: 3/3 levels left

rFire    . . .     SeeInvis .   a - +2 dagger
rCold    . . .     Gourm    .   (no shield)
rNeg     . . .     Faith    .   c - +0 robe
rPois    +         Spirit   .   (no helmet)
rElec    .         Reflect  .   d - +0 cloak
rCorr    .         Harm     .   (no gloves)
MR       .....                  (no boots)
Stlth    ++++......             (no amulet)
HPRegen  0.10/turn              (no ring)
MPRegen  0.09/turn              (no ring)

@: mighty
A: distributed training, fangs 1, large bone plates 1, poison resistance, strong
nose
a: no special abilities


You were on level 4 of the Dungeon.
You were not hungry.

You visited 1 branch of the dungeon, and saw 4 of its levels.

You collected 56 gold pieces.

Inventory:

Hand Weapons
 a - a +2 dagger (weapon)
 b - a +0 blowgun
 p - a +0 hunting sling
Missiles
 e - 8 poisoned needles
 f - 2 curare-tipped needles
 m - 22 arrows
Armour
 c - a +0 robe (worn)
 d - a +0 cloak (worn)
 l - a +0 buckler
Scrolls
 h - a scroll of random uselessness {unknown}
 i - a scroll of enchant weapon {unknown}
 j - a scroll of remove curse {unknown}
 n - a scroll of teleportation {unknown}
 r - 2 scrolls of identify {unknown}
Potions
 k - a potion of mutation {!q}
 q - a potion of lignification {unknown}
 s - a potion of magic {unknown}
 t - a potion of curing {unknown}
Comestibles
 g - 2 rations


   Skills:
 + Level 4.5 Fighting
 + Level 4.5 Short Blades
 + Level 0.7 Long Blades
 + Level 0.7 Axes
 + Level 0.7 Maces & Flails
 + Level 0.7 Polearms
 + Level 0.7 Staves
 + Level 0.7 Slings
 + Level 0.7 Bows
 + Level 0.7 Crossbows
 + Level 4.5 Throwing
 + Level 0.7 Armour
 + Level 2.6 Dodging
 + Level 7.8 Stealth
 + Level 0.7 Shields
 + Level 0.7 Unarmed Combat
 + Level 0.7 Spellcasting
 + Level 0.5 Conjurations
 + Level 0.5 Hexes
 + Level 0.5 Charms
 + Level 0.5 Summonings
 + Level 0.5 Necromancy
 + Level 0.5 Translocations
 + Level 0.5 Transmutations
 + Level 0.5 Fire Magic
 + Level 0.5 Ice Magic
 + Level 0.5 Air Magic
 + Level 0.5 Earth Magic
 + Level 0.5 Poison Magic
 + Level 0.9 Invocations
 + Level 0.7 Evocations


You had 3 spell levels left.
You didn't know any spells.

Dungeon Overview and Level Annotations

Branches:
Dungeon (4/15)
 Temple: D:4-7

Altars:
Makhleb
Yredelemnul
Zin
The Shining One


Innate Abilities, Weirdness & Mutations

Your experience applies equally to all skills.
You have very sharp teeth.
Your uncanny sense of smell can sniff out nearby items.
You are partially covered in large bone plates. (SH +4)
Your system is resistant to poisons. (rPois)


Message History

Unknown command.
You open the door.
There is an open door here.
Found two altars.
Unknown command.
Found a burning altar of Makhleb.
Found a scale mail.
Found a faded altar of an unknown god.
Found a glowing silver altar of Zin.
You see here a scale mail.
There is an open door here.
Found a ration.
There is a stone staircase leading up here.
You climb upwards.
There is a stone staircase leading down here.
Unknown command.
Found a grey potion.
You see here a scroll labeled WOMEMEV JASCH.
r - 2 scrolls labeled WOMEMEV JASCH (gained 1)
You see here 14 gold pieces.
You now have 56 gold pieces (gained 14).
A kobold comes into view.
The helpless kobold fails to defend itself.
You stick the kobold like a pincushion!!!
You kill the kobold!
You see here a grey potion.
s - a grey potion You open the door.
There is an open door here.
Unknown command.
There is an open door here.
There is a stone staircase leading down here.
You climb downwards.
There is a stone staircase leading up here.
Unknown command.
Found 18 gold pieces.
Found a scroll labeled WOMEMEV JASCH.
Unknown command.
Found a cyan potion.
An orc wizard comes into view. It is wielding a dagger.
Unknown command. 2 orcs and an orc wizard come into view.
Found a scroll labeled QYOTEC EREPS.
The orc wizard shouts!
The orc shouts!
The orc wizard shouts!
Unknown command.
The orc wizard gestures wildly while chanting.
The orc wizard seems to speed up.
The orc wizard misses you.
Unknown command.
You hit the orc wizard but do no damage.
The orc wizard casts a spell.
The orc wizard blinks!
The orc wizard mumbles some strange words.
The orc wizard blinks!
The orc wizard hits you but does no damage.
You see here a cyan potion.
t - a cyan potion The orc wizard mumbles some strange words.
The orc wizard blinks!
The orc wizard hits you with a dagger. The orc barely misses you.
The orc closely misses you.
Found a stone staircase leading down.
You closely miss the orc wizard. Your bite misses the orc wizard.
You miss the orc wizard. Your bite misses the orc wizard.
The orc wizard barely misses you.
You hit the orc wizard.
The orc wizard is moderately wounded.
You hit the orc wizard.
The orc wizard is heavily wounded.
The orc wizard casts a spell at you. The puff of flame hits you!
You hit the orc wizard.
The orc wizard is severely wounded.
The orc wizard hits you but does no damage.
Unknown command.
You hit the orc wizard but do no damage.
The orc wizard is severely wounded.
The orc wizard misses you.
The orc wizard mumbles some strange words.
The orc wizard blinks!
You hit the orc wizard.
You kill the orc wizard!
You have reached level 3!
Your experience leads to an increase in your attributes!
Increase (S)trength, (I)ntelligence, or (D)exterity?
You feel clever.
It was a potion of mutation.
You feel extremely strange.
You feel resistant to poisons.
Large bone plates grow over parts of your arms.
The orc hits you with a flail.
* * * LOW HITPOINT WARNING * * *
You hit the orc. You bite the orc, but do no damage.
The orc is heavily wounded.
The orc hits you with a flail!
* * * LOW HITPOINT WARNING * * *
It was a potion of might.
You feel very mighty all of a sudden.
You hit the orc.
You kill the orc!
The orc wizard casts a spell at you. The magic dart hits you!
You die...

#......# ...ยง..# ######
#.....## ...... ......
...... ##..# ......
#...# ......##..o##
...?........####.##
#####...##o)@....#
#########...######......
.....##....## #....
.....##.##.# #.>
........##.# #
......####.#
.....###...#
.....<##..## #.......#'#


You could see an orc wizard and an orc.

Vanquished Creatures
  An orc wizard (D:4)
  A worm (D:2)
  An orc (D:4)
  A bat (D:1)
  A goblin (D:1)
  2 hobgoblins (D:1)
  A kobold (D:3)
  4 rats
12 creatures vanquished.

Notes
Turn   | Place    | Note
-------+----------+-------------------------------------------
     0 | D:1      | tidbits the Gnoll Assassin began the quest for the Orb.
     0 | D:1      | Reached XP level 1. HP: 20/20 MP: 1/1
   135 | D:1      | Reached XP level 2. HP: 26/26 MP: 2/2
   270 | D:4      | Found a basalt altar of Yredelemnul.
   270 | D:4      | Found a glowing golden altar of the Shining One.
   275 | D:4      | Found a burning altar of Makhleb.
   277 | D:4      | Found a faded altar of an unknown god.
   278 | D:4      | Found a glowing silver altar of Zin.
   395 | D:4      | Reached XP level 3. HP: 19/31 MP: 2/4
   396 | D:4      | Gained mutation: Your system is resistant to poisons. (rPois) [potion of mutation]
   396 | D:4      | Gained mutation: You are partially covered in large bone plates. (SH +4) [potion of mutation]
   399 | D:4      | Killed from afar by an orc wizard

Action                   || total
-------------------------++-------
Melee: Dagger            ||    32
       Bite              ||     1
  Use: Potion            ||     2
 Stab: Sleeping          ||     5
       Distracted        ||     1
Armor: Robe              ||     3
Dodge: Dodged            ||    13

Table legend:
 A = Turns spent in this place as a percentage of turns spent in the entire game.
 B = Non-inter-level travel turns spent in this place as a percentage of non-inter-level travel turns spent in the entire game.
 C = Inter-level travel turns spent in this place as a percentage of turns spent in this place.
 D = Turns resting spent in this place as a percentage of non-inter-level travel turns spent in this place.
 E = Turns spent auto-exploring this place as a percentage of non-inter-level travel turns spent in this place.
 F = Non-inter-level travel turns spent in this place divided by the number of levels of this place that you've seen.
                   A       B       C       D       E      F
               +-------+-------+-------+-------+-------+----------------------
         Total | 100.0 | 100.0 |   2.3 |   0.0 |   0.0 |  97.5
       Dungeon | 100.0 | 100.0 |   2.3 |   0.0 |   0.0 |  97.5
               +-------+-------+-------+-------+-------+----------------------

Table legend:
 A = Kills in this place as a percentage of kills in entire the game.
 B = Kills by you in this place as a percentage of kills by you in the entire game.
 C = Kills by friends in this place as a percentage of kills by friends in the entire game.
 D = Other kills in this place as a percentage of other kills in the entire game.
 E = Experience gained in this place as a percentage of experience gained in the entire game.
 F = Experience gained in this place divided by the number of levels of this place that you have seen.
                   A       B       C       D       E      F
               +-------+-------+-------+-------+-------+----------------------
         Total | 100.0 | 100.0 |   N/A |   N/A | 100.0 |  14.0
       Dungeon | 100.0 | 100.0 |   N/A |   N/A | 100.0 |  14.0
               +-------+-------+-------+-------+-------+----------------------

Vault maps used:
D:1:      ncdulo_lavacross
D:2:      grunt_temple_overflow_growth_and_decay
D:3:      old_standard_altar
D:4:      tgw_trog, nemelex_altar_shiori, chequers_temple_overflow_minitemple,
          first_ration, serial_shops, kennysheep_little_box
